 Dungeon Crawl Stone Soup version 0.30.1-9-gdf580d7c3d (webtiles) character file.

Game seed: 7496768639668464000

2637 Ironcache the Covert (level 9, -1/39 HPs)
             Began as a Spriggan Enchanter on Oct 2, 2023.
             Was a Believer of Sif Muna.
             Slain by an orc priest
             ... wielding a +0 war axe
              (2 damage)
             ... on level 7 of the Dungeon.
             The game lasted 00:51:30 (8856 turns).

Ironcache the Covert (Spriggan Enchanter)           Turns: 8856, Time: 00:51:30

Health: -1/39      AC:  3    Str:  4    XL:     9   Next: 35%
Magic:  23/23      EV: 18    Int: 25    God:    Sif Muna [**....]
Gold:   386        SH:  0    Dex: 17    Spells: 21/26 levels left

rFire   . . .        b - +2 short sword (venom)
rCold   . . .        (no shield)
rNeg    . . .        t - +1 robe {Archmagi}
rPois   .            (helmet restricted)
rElec   .            (no cloak)
rCorr   .            (gloves unavailable)
SInv    +            (boots unavailable)
Will    +....        (no amulet)
Stlth   +++++        f - ring of wizardry
HPRegen 0.26/turn    m - +6 ring of intelligence
MPRegen 0.18/turn

%: wizardry (x1), archmagi
@: very quick
A: very small, no large weapons, unfitting armour, see invisible, speed 3
a: Renounce Religion, Channel Magic


You were on level 7 of the Dungeon.
You worshipped Sif Muna.
Sif Muna was pleased with you.
You visited 1 branch of the dungeon, and saw 7 of its levels.

You collected 386 gold pieces.

Inventory:

Hand Weapons
 a - a +1 dagger of venom
 b - a +2 short sword of venom (weapon)
 y - a +2 whip of electrocution
Missiles
 g - 11 boomerangs (quivered)
Armour
 t - a +1 robe of the Archmagi (worn)
 w - a +0 robe
Magical Staves
 J - a staff of death
Jewellery
 f - a ring of wizardry (left hand)
 m - a +6 ring of intelligence (right hand)
 r - a ring of poison resistance
 s - a ring of magical power
 v - a ring of ice
 A - an amulet of guardian spirit
 B - a +5 ring of evasion
 F - a ring of wizardry
 L - a ring of magical power
Wands
 I - a wand of mindburst (18)
 K - a wand of iceblast (7)
Scrolls
 j - 7 scrolls of identify {unknown}
 l - 3 scrolls of poison {unknown}
 n - a scroll of teleportation {unknown}
 o - 2 scrolls of immolation {unknown}
 p - a scroll of amnesia {unknown}
 u - a scroll of torment {unknown}
 z - 3 scrolls of fear {unknown}
 E - 2 scrolls of noise {unknown}
 H - a scroll of blinking {unknown}
Potions
 c - 2 potions of invisibility
 d - 4 potions of haste {unknown}
 e - 2 potions of flight {unknown}
 h - 2 potions of might {unknown}
 i - 4 potions of curing {unknown}
 k - 3 potions of heal wounds {unknown}
 q - 2 potions of brilliance {unknown}
 x - a potion of degeneration {unknown}
 C - a potion of lignification {unknown}
 D - a potion of attraction {unknown}
 G - 2 potions of ambrosia


   Skills:
 + Level 6.8 Short Blades
 - Level 3.3 Dodging
 + Level 12.8 Stealth
 * Level 9.1 Spellcasting
 - Level 5.0 Hexes


You had 21 spell levels left.
You knew the following spells:

 Your Spells              Type           Power      Damage    Failure   Level
a - Ensorcelled Hibernat  Hex/Ice        70%        N/A       1%          2
b - Tukima's Dance        Hex            53%        N/A       1%          3

Your spell library contained the following spells:

 Spells                   Type           Power      Damage    Failure   Level
 Confusing Touch          Hex            53%        N/A       1%          3
 Dazzling Flash           Conj/Hex       70%        N/A       2%          3
 Ozocubu's Armour         Ice            17%        N/A       6%          3
 Metabolic Englaciation   Hex/Ice        17%        N/A       21%         5
 Silence                  Hex/Air        17%        N/A       21%         5
 Agony                    Necr           17%        N/A       50%         5
 Simulacrum               Ice/Necr       8%         N/A       96%         6


Dungeon Overview and Level Annotations

Branches:
Dungeon (7/15)
 Temple: D:4-7

Altars:
Ashenzari
Cheibriados
Elyvilon
Fedhas
Hepliaklqana
Kikubaaqudgha
Okawaru
Qazlal
Sif Muna
Trog


Innate Abilities, Weirdness & Mutations

You are very small and have problems with some larger weapons.
You are too small for most types of armour.
You have supernaturally acute eyesight. (SInv)
You cover ground extremely quickly. (Speed+++)


Message History

L - a ring of magical power An orc priest comes into view.
It is wielding a +0 war axe. 3 orcs come into view.
The orc shouts!
Casting: Tukima's Dance (safe; 1% risk of failure)
Confirm with . or Enter, or press ? or * to list all spells.
Aiming: Ensorcelled Hibernation (safe; 1% risk of failure)
Press: ? - help, Shift-Dir - straight line, f - orc
Aim: an orc, wielding a +0 hand axe and wearing a +0 leather armour (chance to affect: 78%)
You feel a surge of power!
The orc looks drowsy...
The helpless orc fails to defend itself.
You spit the orc like a pig!!!
You kill the orc!
Sif Muna accepts your kill.
The orc shouts!
The orc misses you. The orc misses you. The orc closely misses you.
The orc misses you. The orc hits you with a +0 war axe.
The orc priest misses you. The orc hits you with a +0 war axe!
The orc priest closely misses you. The orc barely misses you.
The orc priest hits you but does no damage.
The orc closely misses you. The orc priest barely misses you.
The orc completely misses you.
The orc shouts!
The orc priest completely misses you. The orc closely misses you.
The orc priest completely misses you. The orc misses you.
The orc priest misses you. The orc misses you. The orc priest misses you.
The orc hits you with a +0 war axe!
The orc priest hits you but does no damage.
The orc hits you with a +0 war axe.
The orc priest calls down the wrath of Beogh upon you.
Beogh smites you!
* * * LOW HITPOINT WARNING * * *
The orc completely misses you. The orc hits you with a +0 war axe!
* * * LOW HITPOINT WARNING * * *
The orc priest misses you. The orc closely misses you. The orc misses you.
The orc priest hits you with a +0 war axe.
You die...

... #.. .....
...#####.# #########
###.....#.# ...# #
#.........# ##.#####
#.........# # #
#....... #.........##
.#.# #..#..##
#..........##.#.#
#..#.##
#.......ooo.....#
#....#
####...#@..#.#####..###
#...#...#....[)..#
#...#....######.##
#...#.#..# ###..#
#...#.#..###....#
#.oo#.#..#...##.#
#oo.#.#.........#
#...#.###>........# #.
###########


You could see an orc priest and 2 orcs.

Vanquished Creatures
  Sigmund (D:2)
  A wyvern (D:6)
  A water moccasin (D:5)
  An orc warrior (D:7)
  An ice beast (D:4)
  3 ogres
  A centaur (D:6)
  3 phantoms
  A scorpion (D:6)
  A wight (D:7)
  3 electric eels (D:6)
  4 howler monkeys (D:5)
  4 hounds
  3 orc priests (D:5)
  3 jellies
  2 gnoll boudas (D:5)
  2 iguanas (D:6)
  4 orc wizards
  Natasha (thrice) (D:3)
  15 gnolls
  4 adders
  3 shadow imps
  3 ufetubi
  2 worms (D:4)
  5 dart slugs
  41 orcs
  11 ball pythons
  3 bats
  7 endoplasms
  5 giant cockroaches
  6 goblins
  3 hobgoblins
  22 jackals
  7 kobolds
  7 quokkas
  3 frilled lizards
  3 rats (D:3)
192 creatures vanquished.

Vanquished Creatures (collateral kills)
  An ogre (D:2)
  A white imp (D:7)
2 creatures vanquished.

Grand Total: 194 creatures vanquished

Notes
Turn   | Place    | Note
-------+----------+-------------------------------------------
     0 | D:1      | Ironcache the Spriggan Enchanter began the quest for the
                  | Orb.
     0 | D:1      | Reached XP level 1. HP: 9/9 MP: 5/5
   144 | D:1      | Reached XP level 2. HP: 13/13 MP: 6/6
   147 | D:1      | Learned a level 2 spell: Ensorcelled Hibernation
   597 | D:1      | Reached XP level 3. HP: 16/16 MP: 8/8
  1246 | D:2      | Noticed Sigmund
  1434 | D:2      | Found a hazy altar of Hepliaklqana.
  1584 | D:2      | Reached skill level 5 in Stealth
  1681 | D:2      | Reached XP level 4. HP: 21/21 MP: 4/9
  2032 | D:2      | Noticed an ogre
  2581 | D:1      | Learned a level 3 spell: Tukima's Dance
  2668 | D:2      | Killed an ogre
  2669 | D:2      | Reached skill level 6 in Stealth
  2669 | D:2      | Reached skill level 5 in Hexes
  2669 | D:2      | Reached XP level 5. HP: 14/24 MP: 3/12
  3021 | D:2      | Found a hazy altar of Hepliaklqana.
  3107 | D:2      | Killed Sigmund
  3108 | D:2      | Reached skill level 7 in Stealth
  3108 | D:2      | Reached XP level 6. HP: 11/28 MP: 7/13
  3636 | D:3      | Found a blossoming altar of Fedhas.
  3793 | D:3      | Found a stormy altar of Qazlal.
  3835 | D:3      | Noticed Natasha
  3842 | D:3      | Killed Natasha
  3843 | D:3      | Reached skill level 8 in Stealth
  3867 | D:3      | Found a broken altar of Ashenzari.
  4025 | D:3      | Found a faded altar of an unknown god.
  4058 | D:3      | Noticed Natasha
  4066 | D:3      | Killed Natasha
  4125 | D:3      | Noticed Natasha
  4127 | D:3      | Killed Natasha
  4327 | D:4      | Noticed an ice beast
  4334 | D:4      | Killed an ice beast
  4335 | D:4      | Reached skill level 9 in Stealth
  4335 | D:4      | Reached XP level 7. HP: 32/32 MP: 14/14
  4367 | D:4      | You fall into a shaft and drop 2 floors!
  4396 | D:6      | Found a hazy altar of Hepliaklqana.
  4401 | D:5      | Entered Level 5 of the Dungeon
  4406 | D:5      | Found an ancient bone altar of Kikubaaqudgha.
  5243 | D:5      | Reached skill level 10 in Stealth
  5457 | D:5      | Reached skill level 5 in Spellcasting
  5613 | D:5      | Reached skill level 11 in Stealth
  5613 | D:5      | Reached XP level 8. HP: 36/36 MP: 16/16
  5694 | D:5      | Found a shimmering blue altar of Sif Muna.
  5820 | D:5      | Became a worshipper of Sif Muna the Loreminder
  5868 | D:5      | Reached skill level 5 in Short Blades
  6503 | D:5      | Reached * piety under Sif Muna
  6973 | D:5      | Reached skill level 12 in Stealth
  7696 | D:6      | Reached ** piety under Sif Muna
  7697 | D:6      | Reached XP level 9. HP: 39/39 MP: 16/22
  7862 | D:6      | Found a snail-covered altar of Cheibriados.
  7945 | D:6      | Found an iron altar of Okawaru.
  7945 | D:6      | Found a bloodstained altar of Trog.
  7945 | D:6      | Found a white marble altar of Elyvilon.
  8854 | D:7      | HP: 1/39 [orc/+0 war axe (7)]
  8856 | D:7      | Slain by an orc priest

Illustrated notes

Levels and vault maps discovered:
D:1:      onia_arrival_mini_maze_b, layout_basic
D:2:      layout_basic, basic_altar, minmay_misc_feat_five,
          minmay_misc_feat_diagonals, kennysheep_generic_room_8, uniq_sigmund
D:3:      layout_rooms, grunt_temple_overflow_forces_of_nature,
          evilmike_ruin_ashenzari, ebering_ecumenical_altar_abandoned,
          minmay_curled_crystal, uniq_natasha
D:4:      layout_loops_ring
D:5:      lemuel_castle_with_subvaults [lemuel_castle_interior_carwin_2],
          layout_basic, mainiacjoe_overflow_cross_hatched, lemuel_crystal_altar
D:6:      layout_rooms, mainiacjoe_overflow_six_doors_small,
          mainiacjoe_overflow_catwalk, gammafunk_temple_overflow_forgotten,
          kennysheep_boxes
D:7:      layout_basic, minmay_temple_entry_statues

Skill      XL: |  1  2  3  4  5  6  7  8  9 |
---------------+----------------------------+-----
Dodging        | 3 |  3.3
Hexes          | 4 5 |  5.0
Spellcasting   | 3 4 5 8 9 |  9.1
Stealth        | 5 6 7 9 11 12 | 12.8
Short Blades   | 2 3 4 6 |  6.8

Action                     |  1- 3 |  4- 6 |  7- 9 || total
---------------------------+-------+-------+-------++-------
  Melee: Dagger            |    90 |    63 |    16 ||   169
         Punch             |     2 |       |     4 ||     6
         Short sword       |       |    11 |   286 ||   297
   Cast: Ensorcelled Hiber |    12 |    24 |   110 ||   146
         Tukima's Dance    |       |     4 |     2 ||     6
   Stab: Sleeping          |    23 |    23 |    88 ||   134
         Distracted        |       |     2 |     5 ||     7
 Armour: Robe              |     7 |     9 |    24 ||    40
  Dodge: Dodged            |    74 |    46 |   201 ||   321
